 Dungeon Crawl Stone Soup version 0.29.1-2-gbd0b4ee654 (webtiles) character file.

Game seed: 3930764789875095596

3716 Nerdsrcool the Spear-Bearer (level 10, -11/129 HPs)
             Began as a Formicid Abyssal Knight on Oct 25, 2022.
             Was a High Priest of Lugonu.
             Mangled by an orc warrior
             ... wielding a +0 glaive
              (25 damage)
             ... in a bailey.
             The game lasted 00:44:45 (5529 turns).

Nerdsrcool the Spear-Bearer (FoAK)                  Turns: 5529, Time: 00:44:46

Health: -11/129    AC: 29    Str: 21    XL:     10   Next: 36%
Magic:  20/20      EV:  2    Int: 11    God:    Lugonu [*****.]
Gold:   295        SH:  0    Dex: 14    Spells: 9/9 levels left

rFire   . . .      SeeInvis .   a - +1 spear (vorpal)
rCold   . . .      Faith    .   (no shield)
rNeg    . . .      Spirit   .   (body armour currently unavailable)
rPois   +          Reflect  .   (helmet unavailable)
rElec   .          Harm     .   (cloak currently unavailable)
rCorr   .          Rampage  .   (gloves currently unavailable)
Will    +....                   (boots currently unavailable)
Stlth   ++........              f - amulet of regeneration
HPRegen 1.11/turn               l - +4 ring of protection
MPRegen 0.17/turn               u - ring of magical power

@: mighty, tree-form, unable to drink
A: stationary, stasis, torment immunity, boosted hp, permanent stasis, dig
shafts and tunnels, (antennae 3), four strong arms, robust 1, inability to drink
after injury 1
a: Renounce Religion, Depart the Abyss, Bend Space, Banish, Corrupt, Enter the
Abyss


You were in a bailey.
You worshipped Lugonu.
Lugonu was extremely pleased with you.
You were a tree.
You visited 1 branch of the dungeon, and saw 7 of its levels.
You visited the Abyss 1 time.
You also visited: Ossuary and Bailey.

You collected 512 gold pieces.
You spent 217 gold pieces at shops.

Inventory:

Hand Weapons
 a - a +1 vorpal spear (weapon)
 x - a +1 dagger of draining
 C - a +2 dagger of speed
 H - a +3 hand axe
Missiles
 r - 2 boomerangs (quivered)
 y - 10 poisoned darts
Armour
 b - a +0 leather armour
 o - a +0 chain mail (melded)
 q - a +1 pair of boots (melded)
 z - the +1 robe "Ymikkis" {Drain Fly rCorr Slay+5}
   (You found it on level 6 of the Dungeon)

   Slay:      It affects your accuracy & damage with ranged weapons and melee
   (+5).
   Fly:       It grants you flight.
   rCorr:     It protects you from acid and corrosion.
   Drain:     It drains your maximum health when unequipped.
 E - a +2 helmet
 F - a +2 pair of gloves of strength (melded)
Jewellery
 f - an amulet of regeneration (around neck)
 l - a +4 ring of protection (left branch)
 u - a ring of magical power (right branch)
Wands
 B - a wand of acid (2)
Scrolls
 c - 2 scrolls of fear
 d - a scroll of immolation
 i - 4 scrolls of amnesia
 k - 2 scrolls of brand weapon
 D - 3 scrolls of identify
 G - a scroll of teleportation
Potions
 e - 3 potions of magic
 g - 2 potions of lignification
 h - a potion of degeneration
 j - 3 potions of brilliance
 m - 2 potions of curing
 n - a potion of invisibility {unknown}
 s - a potion of ambrosia {unknown}
 t - a potion of resistance
 v - 4 potions of flight
 w - a potion of might
 A - a potion of attraction
 I - a potion of heal wounds
 J - a potion of haste {unknown}
 K - a potion of cancellation


   Skills:
 + Level 7.3 Fighting
 + Level 9.6 Polearms
 + Level 4.1 Throwing
 + Level 7.6 Armour
 + Level 3.2 Dodging
 + Level 2.2 Stealth
 + Level 2.4 Invocations
 + Level 0.3 Evocations


You had 9 spell levels left.
You didn't know any spells.
Your spell library contained the following spells:

 Spells                   Type           Power      Damage    Failure   Level
 Gell's Gravitas          Tloc           0%         N/A       71%         3
 Lesser Beckoning         Tloc           0%         N/A       71%         3
 Portal Projectile        Hex/Tloc       0%         N/A       71%         3
 Teleport Other           Tloc           0%         N/A       71%         3
 Tukima's Dance           Hex            0%         N/A       71%         3
 Blade Hands              Tmut           0%         N/A       100%        5


Dungeon Overview and Level Annotations

Branches:
Dungeon (7/15)             Temple (0/1) D:4         Ossuary (visited)
 Bailey (1/1)

Altars:
Elyvilon

Shops:
D:7 [


Innate Abilities, Weirdness & Mutations

You are a tree.
Your roots penetrate the ground, keeping you stationary.
You cannot be teleported.
You are immune to unholy pain and torment.
Your maximum health is greatly increased.
Your equipment is partially melded.
You cannot be hasted, slowed, berserked, paralysed or teleported.
You can dig through walls and to a lower floor.
((You have a pair of large antennae on your head. (SInv)))
Your four strong arms can wield two-handed weapons with a shield.
You are robust. (+10% HP)
You occasionally lose the ability to drink potions when taking damage.


Message History

Reach: a) +1 spear (vorpal)
Press: ? - help, Dir - move target, f - orc warrior
Aim: an orc warrior, wielding a +0 halberd and wearing a +0 chain mail (strong, about 34% to evade your +1 vorpal spear)
You reach to attack!
You closely miss the orc warrior.
You can drink potions again.
The orc warrior hits you from afar with a +0 glaive!
The orc warrior hits you but does no damage.
Reach: a) +1 spear (vorpal)
Press: ? - help, Dir - move target, f/p - orc warrior
Aim: an orc warrior, wielding a +0 halberd and wearing a +0 chain mail (strong, about 34% to evade your +1 vorpal spear)
You reach to attack!
You completely miss the orc warrior.
The orc warrior hits you from afar with a +0 glaive!
* * * LOW HITPOINT WARNING * * *
The orc warrior hits you but does no damage.
You feel much better.
The orc warrior hits you from afar with a +0 glaive!
The orc warrior hits you but does no damage.
Reach: a) +1 spear (vorpal)
Press: ? - help, Dir - move target, f/p - orc warrior
Aim: an orc warrior, wielding a +0 halberd and wearing a +0 chain mail (strong, about 34% to evade your +1 vorpal spear)
You reach to attack!
You hit the orc warrior but do no damage.
Reach: a) +1 spear (vorpal)
Press: ? - help, Dir - move target, f/p - orc warrior
Aim: an orc warrior, wielding a +0 halberd and wearing a +0 chain mail (strong, about 34% to evade your +1 vorpal spear)
You reach to attack!
You hit the orc warrior.
The orc warrior is moderately wounded.
The orc warrior hits you from afar with a +0 glaive!!
You feel threatened and lose the ability to drink potions!
* * * LOW HITPOINT WARNING * * *
The orc warrior hits you from afar with a +0 halberd!
* * * LOW HITPOINT WARNING * * *
You cannot drink potions in your current state!
Aiming: Charm
Press: ? - help, Q - select action, (/) - cycle Shift-Dir - straight line, f - orc warrior, p - orc warrior
Aim: an orc warrior, wielding a +0 glaive and wearing a +0 chain mail (strong, chance to affect: 50%)
The orc warrior resists with some effort.
The now-empty wand crumbles to dust.
The orc warrior hits you from afar with a +0 glaive!!
You die...

####### ####### ##### ).).).##
##.....#########.....
)#.)...######.......#.....#......
###....#....#).##.).'.....'..#...
.8.....'....)[.8♣.o.))....'......
###....#....#).##.o.'.....'..#...
.#.....######.......#.....#......
......## ##.....#########.....
####### ####### #####


You could see 2 orc warriors.

Vanquished Creatures
  An orc knight (Bailey)
  Sigmund (D:4)
  A wraith (Ossuary)
  A steam dragon (D:6)
  Eustachio (D:4)
  A water moccasin (D:7)
  2 sky beasts
  6 orc warriors
  2 black bears
  An ice beast (D:6)
  4 ogres
  2 centaurs (D:6)
  A phantom (D:5)
  Blork the orc (D:6)
  A bullfrog (D:7)
  A necrophage (D:6)
  2 scorpions
  A wight (D:6)
  A howler monkey (D:6)
  A hound (D:6)
  3 orc priests
  A gnoll bouda (D:4)
  6 orc wizards
  3 mummies (Ossuary)
  5 adders
  6 gnolls
  A white imp (D:6)
  An ufetubus (D:6)
  2 worms
  2 dart slugs
  25 orcs
  4 endoplasms
  4 giant cockroaches (D:1)
  13 hobgoblins
  9 kobolds
  2 quokkas
  11 ball pythons
  4 bats
  3 frilled lizards
  14 goblins
  3 goblin zombies (Ossuary)
  4 hobgoblin zombies (Ossuary)
  A kobold zombie (Ossuary)
  7 rats
166 creatures vanquished.

Vanquished Creatures (others)
  A plant (D:3)
1 creature vanquished.

Grand Total: 167 creatures vanquished

Notes
Turn   | Place    | Note
-------+----------+-------------------------------------------
     0 | Abyss:1  | Nerdsrcool the Formicid Abyssal Knight began the quest for
                  | the Orb.
     0 | Abyss:1  | Reached XP level 1. HP: 18/18 MP: 2/2
    55 | Abyss:1  | Noticed an orb spider
    58 | D:1      | Escaped the Abyss
   151 | D:1      | Reached skill level 1 in Dodging
   151 | D:1      | Reached XP level 2. HP: 10/24 MP: 3/3
   526 | D:1      | Reached XP level 3. HP: 29/30 MP: 4/4
   609 | D:1      | Reached *** piety under Lugonu
   887 | D:1      | Found a faded altar of an unknown god.
  1130 | D:2      | Reached XP level 4. HP: 37/37 MP: 5/5
  2078 | D:3      | Reached skill level 1 in Stealth
  2088 | D:3      | Reached skill level 3 in Polearms
  2289 | D:3      | Found a white marble altar of Elyvilon.
  2294 | D:3      | Reached XP level 5. HP: 40/42 MP: 6/6
  2545 | D:4      | Found a sand-covered staircase.
  2556 | Ossuary  | Entered an ossuary
  2556 | Ossuary  | Noticed a wraith
  2556 | Ossuary  | Noticed a wraith
  2556 | Ossuary  | Noticed a wraith
  2637 | Ossuary  | Reached **** piety under Lugonu
  2868 | Ossuary  | Reached skill level 4 in Polearms
  2943 | Ossuary  | Noticed a wraith
  3014 | Ossuary  | Killed a wraith
  3015 | Ossuary  | Reached XP level 6. HP: 16/49 MP: 7/7
  3184 | D:4      | Found a staircase to the Ecumenical Temple.
  3184 | D:4      | Noticed Eustachio
  3208 | D:4      | Killed Eustachio
  3209 | D:4      | Reached skill level 5 in Polearms
  3209 | D:4      | Reached XP level 7. HP: 55/55 MP: 8/8
  3421 | D:4      | Noticed Sigmund
  3447 | D:4      | Killed Sigmund
  3448 | D:4      | Reached skill level 5 in Fighting
  3448 | D:4      | Reached skill level 6 in Polearms
  3452 | D:4      | Reached XP level 8. HP: 36/62 MP: 9/9
  3517 | D:4      | Gained mutation: You have large cloven feet. [potion of
                  | mutation]
  3517 | D:4      | Gained mutation: You occasionally lose the ability to read
                  | scrolls when taking damage. [potion of mutation]
  3518 | D:4      | Lost mutation: You have large cloven feet. [potion of
                  | mutation]
  3518 | D:4      | Lost mutation: You occasionally lose the ability to read
                  | scrolls when taking damage. [potion of mutation]
  3518 | D:4      | Gained mutation: Your flesh is heat resistant. (rF+)
                  | [potion of mutation]
  3580 | D:5      | Entered Level 5 of the Dungeon
  3697 | D:5      | Reached skill level 7 in Polearms
  3709 | D:5      | Reached skill level 5 in Armour
  4240 | D:6      | Reached XP level 9. HP: 68/69 MP: 10/10
  4365 | D:6      | Reached skill level 8 in Polearms
  4365 | D:6      | Reached skill level 1 in Throwing
  4426 | D:6      | Identified the +1 robe "Ymikkis" {Drain Fly rCorr Slay+5}
  4571 | D:6      | Noticed Blork the orc
  4589 | D:6      | Killed Blork the orc
  5056 | D:7      | Found Joytai's Antique Armour Shoppe.
  5066 | D:7      | Bought a pair of runed gloves for 217 gold pieces
  5140 | D:7      | Reached ***** piety under Lugonu
  5141 | D:7      | Reached skill level 9 in Polearms
  5206 | D:7      | Found a flagged portal.
  5228 | Bailey   | Entered a bailey
  5239 | Bailey   | Reached XP level 10. HP: 77/77 MP: 11/11
  5467 | Bailey   | Lost mutation: Your flesh is heat resistant. (rF+) [potion
                  | of mutation]
  5467 | Bailey   | Gained mutation: Your system is resistant to poisons.
                  | (rPois) [potion of mutation]
  5467 | Bailey   | Lost mutation: Your system is resistant to poisons. (rPois)
                  | [potion of mutation]
  5467 | Bailey   | Gained mutation: You occasionally lose the ability to drink
                  | potions when taking damage. [potion of mutation]
  5467 | Bailey   | Gained mutation: You are robust. (+10% HP) [potion of
                  | mutation]
  5495 | Bailey   | Noticed an orc knight
  5523 | Bailey   | Killed an orc knight
  5529 | Bailey   | Mangled by an orc warrior

Illustrated notes

Levels and vault maps discovered:
D:1:      amcnicky_arrival_wind_blow, layout_loops_ring,
          ebering_ecumenical_altar_ruins, minmay_worlds_worst_comb
D:2:      layout_loops_corners
D:3:      layout_basic, elyvilon_altar_1
D:4:      layout_basic, minmay_temple_entry_glass, nicolae_ossuary_entry_ruins,
          uniq_eustachio, uniq_natasha, uniq_sigmund
D:5:      layout_cave_pools
D:6:      layout_rooms, minmay_pentangle, uniq_blork_the_orc
D:7:      layout_loops_ring, serial_shops, shop,
          gammafunk_ghost_wrathful_warriors, enter_bailey_3
Bailey:   bailey_polearm_5, bailey

Skill      XL: |  1  2  3  4  5  6  7  8  9 10 |
---------------+-------------------------------+-----
Dodging        | 1 2 3 |  3.2
Fighting       | 4 5 6 7 |  7.3
Stealth        | 1 2 |  2.2
Polearms       | 3 4 5 6 7 9 |  9.6
Armour         | 3 4 5 6 7 |  7.6
Throwing       | 3 4 |  4.1
Invocations    | |  2.4
Evocations     | |  0.3

Action                   |  1- 3 |  4- 6 |  7- 9 | 10-12 || total
-------------------------+-------+-------+-------+-------++-------
Melee: Spear             |   108 |   226 |   378 |    94 ||   806
       Punch             |       |     2 |     5 |       ||     7
Throw: Dart              |       |       |    11 |       ||    11
       Boomerang         |       |       |    30 |    10 ||    40
 Abil: Dig               |     1 |       |       |       ||     1
Evoke: Wand              |       |       |       |     3 ||     3
  Use: Scroll            |       |     7 |     6 |       ||    13
       Potion            |       |     2 |    10 |     8 ||    20
 Stab: Sleeping          |     5 |       |       |       ||     5
Armor: Leather armour    |    27 |     1 |       |       ||    28
       Chain mail        |       |    72 |   158 |    35 ||   265
       Skin              |       |    25 |       |    36 ||    61
Dodge: Dodged            |    47 |    53 |   113 |    47 ||   260
